General information
			
			
        
        - name: BNet
 
        - type: Ladder team game (AT/RT)
 
        - host: Battle.net
 
        - saver: Gobiner
 
        
map: Cherryville 
        - players: 8
 
        - length: 67:35
 
        - speed: Fast
 - version: 1.22 W3XP
 - replay type:  Public
 
» download(567 KB)
Players
        team 1 (loser) 
              
              
» 
DanlicksBalls (
red | 143 APM | 9602 actions | 67:19)
              
 8 Death Knight 
 3 Death Coil
 3 Unholy Aura
 1 Animate Dead
 1 Death Pact
 6 Lich 
 3 Frost Nova
 2 Frost Armor
 1 Death and Decay
 5 Dreadlord 
 3 Sleep
 2 Vampiric Aura
 
                » actions 
                
                | Assign group hotkey | 99 |  | 
| Basic commands | 701 |  | 
| Build / train | 128 |  | 
| ESC pressed | 1 |  | 
| Enter build submenu | 23 |  | 
| Enter hero's abilities submenu | 22 |  | 
| Give item / drop item | 6 |  | 
| Remove unit from queue | 1 |  | 
| Right click | 3739 |  | 
| Select / deselect | 1382 |  | 
| Select group hotkey | 3080 |  | 
| Use ability | 420 |  | 
                9602 total
 » units 
                
                | Acolyte | 14 |  | 
| Ghoul | 3 |  | 
| Crypt Fiend | 5 |  | 
| Obsidian Statue | 5 |  | 
| Frost Wyrm | 16 |  | 
                43 total
 » upgrades
                
                | Creature Attack | 3 |  | 
| Creature Carapace | 3 |  | 
| Web | 1 |  | 
| Freezing Breath | 1 |  | 
                8 total
 » buildings
                
                | Graveyard | 1 |  | 
| Crypt | 1 |  | 
| Altar of Darkness | 1 |  | 
| Ziggurat | 8 |  | 
| Tomb of Relics | 1 |  | 
| Nerubian Tower | 1 |  | 
| Halls of the Dead | 1 |  | 
| Black Citadel | 3 |  | 
| Sacrificial Pit | 1 |  | 
| Slaughterhouse | 1 |  | 
| Spirit Tower | 5 |  | 
| Boneyard | 2 |  | 
                26 total
 » build order
                00:11 Graveyard
00:20 Crypt
00:44 Altar of Darkness
01:00 Ziggurat
01:16 Tomb of Relics
01:52 Ziggurat
03:21 Nerubian Tower
04:11 Halls of the Dead
04:53 Ziggurat
06:37 Black Citadel
06:38 Black Citadel
07:38 Sacrificial Pit
08:09 Slaughterhouse
08:54 Ziggurat
09:32 Spirit Tower
10:15 Boneyard
10:30 Ziggurat
11:01 Boneyard
12:18 Ziggurat
15:09 Spirit Tower
15:09 Spirit Tower
15:11 Spirit Tower
17:14 Ziggurat
23:13 Ziggurat
» items
                
                | Rod of Necromancy | 2 |  | 
| Dust of Appearance | 7 |  | 
| Potion of Healing | 1 |  | 
| Scroll of Town Portal | 8 |  | 
| Orb of Corruption | 1 |  | 
| Potion of Lesser Invulnerability | 3 |  | 
| Scroll of Healing | 1 |  | 
| Staff of Teleportation | 5 |  | 
                28 total
  
               
              
              
» 
fan_of_deli_boi (
yellow | 95 APM | 6425 actions | 67:33)
              
 6 Keeper of the Grove 
 2 Entangling Roots
 3 Thorns Aura
 1 Tranquility
 5 Warden 
 3 Shadow Strike
 2 Blink
 
                » actions 
                
                | Assign group hotkey | 192 |  | 
| Basic commands | 337 |  | 
| Build / train | 173 |  | 
| ESC pressed | 23 |  | 
| Enter build submenu | 82 |  | 
| Enter hero's abilities submenu | 11 |  | 
| Right click | 2128 |  | 
| Select / deselect | 801 |  | 
| Select group hotkey | 2241 |  | 
| Use ability | 437 |  | 
                6425 total
 » units 
                
                | Wisp | 103 |  | 
| Huntress | 3 |  | 
| Mountain Giant | 2 |  | 
| Dryad | 4 |  | 
| Archer | 5 |  | 
| Glaive Thrower | 3 |  | 
| Hippogryph | 3 |  | 
                123 total
 » upgrades
                
                | Nature's Blessing | 1 |  | 
| Improved Bows | 1 |  | 
| Marksmanship | 1 |  | 
| Reinforced Hides | 2 |  | 
| Strength of the Wild | 2 |  | 
| Well Spring | 1 |  | 
| Vorpal Blades | 1 |  | 
| Hippogryph Taming | 1 |  | 
                10 total
 » buildings
                
                | Altar of Elders | 1 |  | 
| Moon Well | 7 |  | 
| Hunter's Hall | 1 |  | 
| Ancient of War | 3 |  | 
| Ancient Protector | 38 |  | 
| Tree of Ages | 4 |  | 
| Ancient of Wonders | 1 |  | 
| Tree of Life | 11 |  | 
| Tree of Eternity | 1 |  | 
| Ancient of Wind | 2 |  | 
| Ancient of Lore | 2 |  | 
                71 total
 » build order
                00:18 Altar of Elders
00:21 Moon Well
01:16 Moon Well
01:49 Hunter's Hall
02:03 Ancient of War
02:59 Ancient Protector
04:04 Tree of Ages
04:04 Tree of Ages
04:04 Tree of Ages
04:16 Ancient of Wonders
05:58 Tree of Life
07:17 Tree of Eternity
07:57 Ancient of Wind
08:35 Ancient of Wind
10:51 Ancient of Lore
10:53 Ancient of Lore
11:11 Moon Well
11:13 Moon Well
12:44 Ancient Protector
12:45 Ancient Protector
13:22 Ancient Protector
13:23 Ancient Protector
14:21 Moon Well
14:22 Moon Well
16:44 Tree of Life
17:04 Ancient Protector
17:07 Ancient Protector
17:15 Ancient Protector
17:17 Ancient Protector
17:45 Ancient Protector
18:38 Ancient Protector
18:38 Ancient Protector
18:39 Ancient Protector
18:40 Ancient Protector
18:42 Ancient Protector
18:49 Moon Well
21:04 Ancient Protector
21:41 Ancient Protector
21:42 Ancient Protector
21:44 Ancient Protector
21:45 Ancient Protector
21:46 Ancient Protector
21:46 Ancient Protector
23:38 Ancient Protector
23:38 Ancient Protector
24:49 Tree of Life
24:52 Ancient Protector
24:53 Ancient Protector
26:07 Tree of Life
27:36 Ancient Protector
27:37 Ancient Protector
27:46 Ancient Protector
27:47 Ancient Protector
30:28 Tree of Life
31:20 Ancient Protector
31:20 Ancient Protector
31:26 Ancient Protector
31:57 Tree of Life
32:51 Ancient of War
32:54 Ancient of War
35:32 Tree of Life
36:31 Ancient Protector
36:32 Ancient Protector
36:32 Ancient Protector
36:34 Ancient Protector
37:21 Tree of Life
45:27 Tree of Life
45:52 Ancient Protector
47:02 Tree of Life
56:31 Tree of Life
» items
                
                | Orb of Venom | 1 |  | 
| Scroll of Town Portal | 8 |  | 
| Potion of Lesser Invulnerability | 4 |  | 
| Dust of Appearance | 1 |  | 
                14 total
  
               
              
              
» 
PLasmaGhost (
green | 41 APM | 1186 actions | 29:06)
              
 4 Tauren Chieftain 
 2 Shockwave
 2 Endurance Aura
 
                » actions 
                
                | Assign group hotkey | 3 |  | 
| Basic commands | 129 |  | 
| Build / train | 44 |  | 
| ESC pressed | 1 |  | 
| Enter build submenu | 13 |  | 
| Enter hero's abilities submenu | 4 |  | 
| Give item / drop item | 2 |  | 
| Remove unit from queue | 1 |  | 
| Right click | 516 |  | 
| Select / deselect | 405 |  | 
| Use ability | 68 |  | 
                1186 total
 » units 
                
                | Peon | 7 |  | 
| Grunt | 8 |  | 
| Troll Batrider | 12 |  | 
| Assassin | 1 |  | 
                28 total
 » upgrades
                » buildings
                
                | Orc Burrow | 4 |  | 
| Altar of Storms | 1 |  | 
| Barracks | 1 |  | 
| Stronghold | 1 |  | 
| Voodoo Lounge | 1 |  | 
| Beastiary | 2 |  | 
| War Mill | 1 |  | 
| Great Hall | 1 |  | 
                12 total
 » build order
                00:11 Orc Burrow
00:17 Altar of Storms
01:03 Barracks
01:27 Orc Burrow
03:19 Stronghold
05:11 Voodoo Lounge
05:48 Beastiary
06:00 Beastiary
08:12 Orc Burrow
08:15 War Mill
08:52 Orc Burrow
09:45 Great Hall
» items
                
                | Healing Salve | 1 |  | 
| Lesser Clarity Potion | 2 |  | 
| Scroll of Speed | 1 |  | 
| Scroll of Town Portal | 1 |  | 
| Dust of Appearance | 1 |  | 
| Potion of Healing | 1 |  | 
| Staff of Teleportation | 1 |  | 
                8 total
  
               
              
              
» 
RandomMonkey (
pink | 90 APM | 6074 actions | 67:33)
              
 7 Far Seer 
 3 Feral Spirit
 3 Chain Lighting
 1 Earth Quake
 5 Shadow Hunter 
 3 Healing Wave
 2 Hex
 
                » actions 
                
                | Assign group hotkey | 80 |  | 
| Basic commands | 330 |  | 
| Build / train | 103 |  | 
| ESC pressed | 10 |  | 
| Enter build submenu | 49 |  | 
| Enter hero's abilities submenu | 12 |  | 
| Give item / drop item | 2 |  | 
| Right click | 1855 |  | 
| Select / deselect | 760 |  | 
| Select group hotkey | 2644 |  | 
| Use ability | 229 |  | 
                6074 total
 » units 
                
                | Peon | 32 |  | 
| Grunt | 7 |  | 
| Shaman | 10 |  | 
| Tauren | 9 |  | 
| Demolisher | 8 |  | 
                66 total
 » upgrades
                
                | Berserker Strength | 1 |  | 
| Shaman Training | 2 |  | 
| Armor | 2 |  | 
| Pulverize | 1 |  | 
| Burning Oil | 1 |  | 
| Spiked Barricades | 1 |  | 
| Reinforced Defenses | 1 |  | 
                9 total
 » buildings
                
                | Altar of Storms | 1 |  | 
| Orc Burrow | 9 |  | 
| Barracks | 1 |  | 
| Stronghold | 1 |  | 
| Voodoo Lounge | 1 |  | 
| War Mill | 1 |  | 
| Spirit Lodge | 1 |  | 
| Fortress | 1 |  | 
| Watch Tower | 19 |  | 
| Tauren Totem | 1 |  | 
| Great Hall | 2 |  | 
                38 total
 » build order
                00:07 Altar of Storms
00:26 Orc Burrow
00:39 Barracks
01:32 Orc Burrow
02:40 Orc Burrow
03:28 Orc Burrow
04:56 Stronghold
05:12 Voodoo Lounge
06:51 Orc Burrow
08:53 War Mill
09:37 Spirit Lodge
10:37 Fortress
10:41 Orc Burrow
10:45 Watch Tower
10:50 Watch Tower
12:03 Watch Tower
12:46 Watch Tower
12:53 Watch Tower
14:39 Tauren Totem
18:25 Orc Burrow
18:27 Orc Burrow
18:54 Orc Burrow
23:24 Watch Tower
23:28 Watch Tower
24:45 Watch Tower
24:49 Watch Tower
25:06 Watch Tower
25:56 Watch Tower
25:58 Watch Tower
29:22 Great Hall
29:59 Watch Tower
30:01 Watch Tower
30:03 Watch Tower
30:03 Watch Tower
30:04 Watch Tower
30:05 Watch Tower
37:06 Watch Tower
47:08 Great Hall
» items
                
                | Healing Salve | 6 |  | 
| Orb of Lightning | 2 |  | 
| Scroll of Town Portal | 4 |  | 
                12 total
  
               team 2 (winner) 
              
              
Blahsmack (
purple | 42 APM | 2859 actions | 67:33)
              
 6 Blademaster 
 2 Wind Walk
 3 Critical Strike
 1 Bladestorm
 
                » actions 
                
                | Basic commands | 123 |  | 
| Build / train | 163 |  | 
| Enter build submenu | 45 |  | 
| Enter hero's abilities submenu | 6 |  | 
| Give item / drop item | 2 |  | 
| Remove unit from queue | 2 |  | 
| Right click | 1567 |  | 
| Select / deselect | 732 |  | 
| Use ability | 217 |  | 
                2859 total
 » units 
                » upgrades
                
                | Liquid Fire | 1 |  | 
| Ranged Weapons | 3 |  | 
| Reinforced Defenses | 1 |  | 
| Spiked Barricades | 2 |  | 
| Armor | 2 |  | 
                9 total
 » buildings
                
                | Orc Burrow | 6 |  | 
| Altar of Storms | 2 |  | 
| War Mill | 1 |  | 
| Voodoo Lounge | 4 |  | 
| Watch Tower | 58 |  | 
| Stronghold | 3 |  | 
| Beastiary | 3 |  | 
| Fortress | 1 |  | 
| Great Hall | 1 |  | 
                79 total
 » build order
                00:09 Orc Burrow
00:10 Altar of Storms
00:51 War Mill
01:53 Orc Burrow
02:17 Voodoo Lounge
02:32 Watch Tower
02:43 Orc Burrow
02:54 Watch Tower
03:29 Watch Tower
03:36 Watch Tower
04:01 Watch Tower
04:44 Watch Tower
05:04 Watch Tower
05:07 Watch Tower
05:25 Stronghold
05:25 Stronghold
05:25 Stronghold
06:26 Watch Tower
06:42 Watch Tower
06:44 Watch Tower
06:45 Watch Tower
06:46 Watch Tower
06:47 Watch Tower
08:13 Watch Tower
08:13 Watch Tower
08:24 Beastiary
08:31 Watch Tower
09:03 Beastiary
09:09 Watch Tower
09:10 Watch Tower
09:11 Watch Tower
09:13 Watch Tower
09:13 Watch Tower
10:10 Fortress
10:39 Watch Tower
11:22 Orc Burrow
11:29 Watch Tower
12:17 Orc Burrow
16:45 Voodoo Lounge
16:56 Voodoo Lounge
17:46 Voodoo Lounge
23:47 Watch Tower
23:49 Watch Tower
23:50 Watch Tower
23:51 Watch Tower
24:27 Beastiary
26:48 Orc Burrow
33:44 Watch Tower
33:48 Watch Tower
40:12 Watch Tower
40:14 Watch Tower
40:16 Watch Tower
40:17 Watch Tower
40:17 Watch Tower
40:20 Watch Tower
40:22 Watch Tower
40:23 Watch Tower
40:24 Watch Tower
40:37 Watch Tower
41:13 Watch Tower
44:23 Great Hall
47:48 Watch Tower
47:49 Watch Tower
47:50 Watch Tower
49:06 Watch Tower
49:07 Watch Tower
51:57 Watch Tower
51:58 Watch Tower
52:04 Watch Tower
52:04 Watch Tower
52:11 Watch Tower
52:12 Watch Tower
52:14 Watch Tower
52:15 Watch Tower
52:16 Watch Tower
52:16 Watch Tower
54:35 Watch Tower
54:35 Watch Tower
55:49 Altar of Storms
» items
                
                | Healing Salve | 2 |  | 
| Lesser Clarity Potion | 1 |  | 
| Boots of Speed | 1 |  | 
| Staff of Teleportation | 2 |  | 
| Tiny Great Hall | 8 |  | 
| Orb of Lightning | 2 |  | 
                16 total
  
               
              
              
Gobiner (
blue | 39 APM | 2611 actions | 67:35)
              
 8 Blademaster 
 3 Wind Walk
 3 Critical Strike
 1 Bladestorm
 1 Mirror Image
 
                » actions 
                
                | Assign group hotkey | 10 |  | 
| Basic commands | 24 |  | 
| Build / train | 79 |  | 
| ESC pressed | 5 |  | 
| Enter build submenu | 44 |  | 
| Enter hero's abilities submenu | 8 |  | 
| Give item / drop item | 9 |  | 
| Right click | 1244 |  | 
| Select / deselect | 338 |  | 
| Select group hotkey | 627 |  | 
| Use ability | 223 |  | 
                2611 total
 » units 
                
                | Peon | 25 |  | 
| Troll Batrider | 10 |  | 
| Goblin Shredder | 1 |  | 
                36 total
 » upgrades
                
                | Ranged Weapons | 3 |  | 
| Liquid Fire | 1 |  | 
| Reinforced Defenses | 1 |  | 
| Spiked Barricades | 1 |  | 
| Armor | 1 |  | 
| Troll Regeneration | 1 |  | 
| Burning Oil | 1 |  | 
                9 total
 » buildings
                
                | Altar of Storms | 2 |  | 
| Orc Burrow | 9 |  | 
| War Mill | 3 |  | 
| Watch Tower | 32 |  | 
| Voodoo Lounge | 1 |  | 
| Stronghold | 3 |  | 
| Fortress | 4 |  | 
| Beastiary | 3 |  | 
| Barracks | 1 |  | 
| Great Hall | 1 |  | 
                59 total
 » build order
                00:08 Altar of Storms
00:16 Orc Burrow
00:29 War Mill
01:40 Watch Tower
01:51 Voodoo Lounge
02:07 Orc Burrow
02:28 Watch Tower
02:34 Watch Tower
02:46 Watch Tower
03:17 Watch Tower
03:42 Watch Tower
04:43 Stronghold
04:43 Stronghold
04:43 Stronghold
05:02 Watch Tower
05:08 Watch Tower
05:49 Watch Tower
05:52 Watch Tower
06:18 Orc Burrow
06:24 Orc Burrow
07:16 Watch Tower
07:17 Watch Tower
07:27 Fortress
07:27 Fortress
07:37 Beastiary
08:04 Beastiary
08:13 Beastiary
08:19 Watch Tower
08:23 Watch Tower
08:54 Watch Tower
14:18 Watch Tower
14:19 Watch Tower
14:21 Watch Tower
14:22 Watch Tower
14:23 Watch Tower
14:23 Watch Tower
14:27 Watch Tower
14:28 Watch Tower
14:29 Watch Tower
14:30 Watch Tower
14:31 Watch Tower
14:32 Watch Tower
14:33 Watch Tower
14:34 Watch Tower
16:30 Barracks
21:39 War Mill
22:09 Altar of Storms
22:10 Orc Burrow
22:56 Orc Burrow
23:17 Orc Burrow
24:00 Orc Burrow
24:37 Orc Burrow
24:43 War Mill
28:54 Great Hall
29:01 Watch Tower
29:03 Watch Tower
29:04 Watch Tower
» items
                
                | Lesser Clarity Potion | 7 |  | 
| Healing Salve | 3 |  | 
| Scroll of Speed | 2 |  | 
| Staff of Teleportation | 1 |  | 
| Boots of Speed | 1 |  | 
| Orb of Lightning | 1 |  | 
| Tiny Great Hall | 2 |  | 
                17 total
  
               
              
              
MrFrosty (
teal | 96 APM | 6480 actions | 67:33)
              
 6 Archmage 
 3 Blizzard
 2 Brilliance Aura
 1 Mass Teleport
 6 Mountain King 
 3 Storm Bolt
 2 Bash
 1 Avatar
 6 Paladin 
 3 Holy Light
 3 Divine Shield
 
                » actions 
                
                | Assign group hotkey | 26 |  | 
| Basic commands | 67 |  | 
| Build / train | 140 |  | 
| ESC pressed | 3 |  | 
| Enter build submenu | 64 |  | 
| Enter hero's abilities submenu | 18 |  | 
| Give item / drop item | 8 |  | 
| Right click | 3459 |  | 
| Select / deselect | 992 |  | 
| Select group hotkey | 1176 |  | 
| Use ability | 527 |  | 
                6480 total
 » units 
                
                | Peasant | 19 |  | 
| Sorceress | 3 |  | 
| Priest | 5 |  | 
| Dragonhawk Rider | 5 |  | 
                32 total
 » upgrades
                
                | Masonry | 3 |  | 
| Lumber Harvesting | 2 |  | 
| Sorceress Training | 2 |  | 
| Magic Sentry | 1 |  | 
| Priest Training | 2 |  | 
| Backpack | 1 |  | 
| Animal War Training | 1 |  | 
| Armor | 2 |  | 
| Cloud | 1 |  | 
                15 total
 » buildings
                
                | Altar of Kings | 1 |  | 
| Scout Tower | 94 |  | 
| Farm | 4 |  | 
| Lumber Mill | 1 |  | 
| Arcane Tower | 9 |  | 
| Guard Tower | 36 |  | 
| Keep | 1 |  | 
| Arcane Sanctum | 1 |  | 
| Town Hall | 3 |  | 
| Castle | 1 |  | 
| Arcane Vault | 1 |  | 
| Gryphon Aviary | 1 |  | 
| Blacksmith | 1 |  | 
| Barracks | 1 |  | 
                155 total
 » build order
                00:07 Altar of Kings
00:20 Scout Tower
00:24 Farm
00:48 Lumber Mill
00:57 Arcane Tower
01:30 Farm
01:52 Scout Tower
02:30 Guard Tower
02:33 Scout Tower
03:16 Guard Tower
04:10 Scout Tower
04:32 Scout Tower
04:53 Guard Tower
05:39 Guard Tower
05:44 Scout Tower
05:45 Scout Tower
05:46 Scout Tower
05:47 Scout Tower
05:54 Keep
05:55 Farm
05:58 Scout Tower
05:59 Scout Tower
05:59 Scout Tower
06:08 Scout Tower
06:09 Scout Tower
06:11 Scout Tower
06:13 Guard Tower
06:14 Guard Tower
06:15 Arcane Tower
06:33 Arcane Tower
06:40 Guard Tower
06:41 Guard Tower
06:44 Guard Tower
06:47 Guard Tower
06:59 Guard Tower
07:04 Farm
07:10 Guard Tower
08:24 Arcane Sanctum
08:41 Town Hall
09:43 Scout Tower
09:45 Scout Tower
10:49 Arcane Tower
10:50 Guard Tower
10:52 Scout Tower
10:53 Scout Tower
10:55 Scout Tower
11:38 Castle
11:40 Guard Tower
11:46 Scout Tower
11:47 Scout Tower
11:48 Scout Tower
11:49 Scout Tower
11:51 Scout Tower
11:51 Scout Tower
12:14 Guard Tower
12:16 Scout Tower
12:42 Guard Tower
12:44 Arcane Tower
12:50 Guard Tower
12:50 Guard Tower
14:03 Arcane Vault
14:06 Guard Tower
15:09 Arcane Tower
16:54 Scout Tower
16:54 Scout Tower
16:56 Scout Tower
16:58 Scout Tower
16:59 Scout Tower
17:00 Scout Tower
17:02 Scout Tower
17:03 Scout Tower
17:05 Scout Tower
17:22 Scout Tower
17:22 Scout Tower
17:23 Scout Tower
18:00 Guard Tower
18:17 Guard Tower
18:21 Arcane Tower
18:26 Scout Tower
18:27 Scout Tower
19:30 Arcane Tower
19:31 Guard Tower
21:46 Scout Tower
21:48 Scout Tower
21:48 Scout Tower
21:53 Scout Tower
21:54 Scout Tower
21:56 Scout Tower
22:54 Guard Tower
23:46 Scout Tower
23:47 Scout Tower
23:49 Scout Tower
23:50 Scout Tower
24:18 Guard Tower
24:35 Guard Tower
24:40 Scout Tower
24:41 Scout Tower
24:42 Scout Tower
24:45 Scout Tower
24:45 Scout Tower
26:20 Guard Tower
26:24 Scout Tower
26:25 Scout Tower
28:44 Guard Tower
35:07 Scout Tower
35:08 Scout Tower
35:10 Scout Tower
35:11 Scout Tower
36:00 Guard Tower
37:31 Gryphon Aviary
39:12 Blacksmith
39:20 Barracks
52:27 Scout Tower
52:27 Scout Tower
52:28 Scout Tower
52:41 Scout Tower
52:42 Scout Tower
52:43 Scout Tower
52:43 Scout Tower
52:44 Scout Tower
52:47 Scout Tower
52:47 Scout Tower
52:48 Scout Tower
53:00 Guard Tower
53:33 Guard Tower
53:38 Town Hall
53:39 Guard Tower
53:42 Scout Tower
53:43 Scout Tower
53:55 Guard Tower
54:17 Guard Tower
54:26 Guard Tower
61:39 Scout Tower
61:40 Scout Tower
61:41 Scout Tower
61:41 Scout Tower
62:08 Guard Tower
62:31 Arcane Tower
62:33 Scout Tower
62:37 Scout Tower
64:22 Guard Tower
65:31 Scout Tower
65:31 Scout Tower
65:32 Scout Tower
65:34 Scout Tower
65:36 Scout Tower
65:36 Scout Tower
65:37 Scout Tower
65:38 Scout Tower
67:05 Town Hall
67:30 Scout Tower
67:31 Scout Tower
67:31 Scout Tower
67:32 Scout Tower
67:33 Scout Tower
» items
                
                | Scroll of Speed | 1 |  | 
| Potion of Healing | 2 |  | 
| Healing Salve | 2 |  | 
| Boots of Speed | 3 |  | 
| Staff of Teleportation | 3 |  | 
| Scroll of Town Portal | 5 |  | 
| Staff of Sanctuary | 3 |  | 
| Periapt of Vitality | 1 |  | 
| Orb of Lightning | 3 |  | 
                23 total
  
               
              
              
westonb (
orange | 55 APM | 3696 actions | 67:33)
              
 3 Archmage 
 2 Blizzard
 1 Brilliance Aura
 3 Paladin 
 1 Holy Light
 2 Divine Shield
 2 Blood Mage 
 1 Flame Strike
 1 Siphon Mana
 
                » actions 
                
                | Assign group hotkey | 3 |  | 
| Basic commands | 52 |  | 
| Build / train | 86 |  | 
| ESC pressed | 27 |  | 
| Enter build submenu | 62 |  | 
| Enter hero's abilities submenu | 8 |  | 
| Give item / drop item | 3 |  | 
| Right click | 2477 |  | 
| Select / deselect | 654 |  | 
| Select group hotkey | 57 |  | 
| Use ability | 267 |  | 
                3696 total
 » units 
                
                | Peasant | 14 |  | 
| Priest | 1 |  | 
| Dragonhawk Rider | 2 |  | 
| Sorceress | 2 |  | 
                19 total
 » upgrades
                
                | Masonry | 3 |  | 
| Gunpowder | 3 |  | 
| Lumber Harvesting | 2 |  | 
| Armor | 2 |  | 
| Magic Sentry | 1 |  | 
| Sorceress Training | 1 |  | 
| Priest Training | 2 |  | 
| Cloud | 1 |  | 
                15 total
 » buildings
                
                | Altar of Kings | 2 |  | 
| Farm | 7 |  | 
| Lumber Mill | 1 |  | 
| Scout Tower | 41 |  | 
| Arcane Tower | 1 |  | 
| Guard Tower | 25 |  | 
| Keep | 1 |  | 
| Blacksmith | 1 |  | 
| Gryphon Aviary | 1 |  | 
| Town Hall | 3 |  | 
| Arcane Vault | 1 |  | 
| Arcane Sanctum | 1 |  | 
| Castle | 1 |  | 
                86 total
 » build order
                00:12 Altar of Kings
00:15 Farm
00:48 Lumber Mill
00:58 Scout Tower
01:46 Arcane Tower
01:49 Scout Tower
02:06 Scout Tower
02:16 Farm
02:21 Guard Tower
02:42 Scout Tower
02:44 Scout Tower
02:48 Guard Tower
03:08 Scout Tower
03:12 Scout Tower
03:28 Guard Tower
03:43 Scout Tower
03:45 Guard Tower
03:47 Scout Tower
04:16 Guard Tower
04:17 Scout Tower
04:20 Scout Tower
04:32 Guard Tower
05:05 Guard Tower
05:06 Scout Tower
05:11 Keep
05:26 Farm
05:29 Farm
05:42 Blacksmith
05:43 Guard Tower
05:44 Scout Tower
06:12 Scout Tower
06:14 Guard Tower
06:19 Scout Tower
06:21 Scout Tower
06:29 Farm
06:43 Guard Tower
06:53 Guard Tower
06:56 Scout Tower
07:29 Guard Tower
07:31 Scout Tower
07:55 Scout Tower
07:59 Scout Tower
08:04 Farm
08:10 Guard Tower
08:23 Gryphon Aviary
08:46 Farm
08:50 Guard Tower
09:11 Scout Tower
09:20 Scout Tower
09:27 Scout Tower
10:03 Guard Tower
10:06 Scout Tower
10:09 Scout Tower
10:28 Scout Tower
10:39 Scout Tower
10:42 Guard Tower
10:48 Guard Tower
11:02 Scout Tower
11:04 Scout Tower
11:09 Scout Tower
11:26 Guard Tower
11:27 Guard Tower
11:36 Scout Tower
11:39 Scout Tower
11:43 Scout Tower
11:45 Scout Tower
11:46 Guard Tower
12:13 Guard Tower
12:33 Town Hall
12:50 Guard Tower
12:54 Scout Tower
12:58 Guard Tower
13:51 Scout Tower
13:53 Scout Tower
14:01 Arcane Vault
14:08 Arcane Sanctum
14:14 Castle
15:25 Guard Tower
17:12 Scout Tower
17:13 Scout Tower
17:55 Guard Tower
17:59 Town Hall
18:02 Scout Tower
23:11 Scout Tower
23:31 Town Hall
41:31 Altar of Kings
» items
                
                | Staff of Teleportation | 3 |  | 
| Boots of Speed | 3 |  | 
| Healing Salve | 2 |  | 
| Orb of Lightning | 2 |  | 
| Staff of Sanctuary | 2 |  | 
| Potion of Healing | 1 |  | 
                13 total
  
                Chat log
          (00:26 / Allies) westonb: chokes or not?
(00:29 / Allies) MrFrosty: no
(00:39 / Allies) MrFrosty: dumb gay chokes
(01:13 / All) PLasmaGhost: poopooer ramers
(01:20 / All) Blahsmack: manners please
(01:21 / All) Gobiner: yo mamma
(01:36 / All) Blahsmack: fuck whut yo momma say imma vote obama way
(01:39 / All) fan_of_deli_boi: SHUSH
(01:44 / All) fan_of_deli_boi: CANT CONCETRATE
(01:46 / All) fan_of_deli_boi: +N
(02:18 / Allies) MrFrosty: dumbsmack
(02:24 / Allies) MrFrosty: take a peon off gold
(02:39 / Allies) MrFrosty: jesus
(02:58 / Allies) MrFrosty: kotg elf going gunts
(03:08 / Allies) MrFrosty: dk fiends ofc
(04:01 / All) fan_of_deli_boi: GJ
(04:14 / Allies) MrFrosty: yeah these guys arent bad
(04:20 / Allies) MrFrosty: abd yellow has an ap already
(04:25 / Allies) MrFrosty: tahts good
(04:34 / Allies) MrFrosty: scanned already
(06:25 / Allies) MrFrosty: crept
(12:12 / Allies) MrFrosty: expand plz
(12:35 / Allies) MrFrosty: casters will help gob
(15:20 / Allies) MrFrosty: gob nearly dead too
(15:26 / Allies) MrFrosty: so here after
(15:40 / Allies) MrFrosty: gob straight here now
(15:57 / Allies) MrFrosty: now burrows
(15:59 / Allies) MrFrosty: s
(16:02 / Allies) MrFrosty: and peons
(16:26 / All) Blahsmack: BRBR PIZZA
(17:28 / Allies) MrFrosty: thats a huge setback
(17:34 / Allies) MrFrosty: halls until he has enough food for peons?
(19:39 / Allies) MrFrosty: peon
(19:42 / Allies) MrFrosty: keep an eye on it
(20:32 / All) fan_of_deli_boi: GG REMEMBER
(20:50 / Allies) MrFrosty: individual towers beat wyrms fyi
(20:54 / Allies) MrFrosty: not single large blocks
(21:28 / Allies) MrFrosty: a moved wyrms will try to freeze everything
(21:40 / Allies) MrFrosty: single towers stop them from doing this
(25:39 / Allies) MrFrosty: get the heall
(25:44 / Allies) MrFrosty: actualy nv,
(28:59 / Allies) MrFrosty: jesus christ blah
(29:06 / All) DanlicksBalls: Lol
(29:08 / All) Gobiner: MORTALLLL KOMBAT
(29:10 / All) DanlicksBalls: Ur losing for ur information
(30:48 / Allies) MrFrosty: ps its a good idea to wait until your heroes level before getting 3 of them
(32:40 / All) fan_of_deli_boi: NO PURP
(32:41 / All) fan_of_deli_boi: mY MINE
(35:09 / All) Gobiner: nice work
(35:13 / All) Gobiner: what'd you lose?
(35:15 / All) DanlicksBalls: U still lose
(35:15 / All) Gobiner: 70 food?
(35:36 / Allies) MrFrosty: come
(35:40 / Allies) MrFrosty: ill heal
(36:27 / All) Gobiner: nice tp
(36:35 / Allies) MrFrosty: owned
(36:39 / All) Gobiner: 700 gold down the drain
(36:41 / Allies) MrFrosty: im not playing good
(36:46 / Allies) MrFrosty: but its not going so abd
(36:53 / Allies) MrFrosty: who
(36:59 / Allies) MrFrosty: and 5 mk
(37:50 / Allies) MrFrosty: gob
(39:04 / Allies) MrFrosty: ugh
(39:07 / All) DanlicksBalls: SO
(39:09 / All) DanlicksBalls: Fagots
(39:09 / All) DanlicksBalls: Leave
(39:11 / All) Gobiner: y
(39:26 / All) Gobiner: we don't want you to leave
(41:25 / All) fan_of_deli_boi: GG
(43:47 / Allies) MrFrosty: 2 wyrms down
(43:57 / Allies) MrFrosty: ps ive finally got cloud
(44:13 / Allies) MrFrosty: blah jesus ask me for gold
(44:39 / Allies) MrFrosty: not much more
(44:55 / All) Blahsmack: LOL
(44:55 / Allies) westonb: i will
(44:58 / All) westonb: huh
(44:59 / Allies) MrFrosty: lol
(45:09 / All) westonb: nice global stun
(45:17 / Allies) MrFrosty: shes dead you nub fags
(45:45 / Allies) MrFrosty: gj
(46:01 / Allies) MrFrosty: woned
(46:13 / All) Gobiner: you got woned
(46:22 / Allies) MrFrosty: mass tp
(46:59 / Allies) MrFrosty: i dont think they can break my tower block
(47:08 / Allies) MrFrosty: they arent good at it
(47:17 / Allies) MrFrosty: coming weston
(47:38 / All) fan_of_deli_boi: GG
(47:43 / All) Gobiner: not really
(47:53 / All) Gobiner: 2ez
(48:01 / All) Blahsmack: 2ez 2 b a gg
(48:31 / Allies) MrFrosty: yah
(54:29 / Allies) MrFrosty: woot
(54:33 / Allies) MrFrosty: o
(54:33 / Allies) westonb: hawt
(56:45 / Allies) MrFrosty: ugh
(57:31 / Allies) MrFrosty: welp
(62:56 / Allies) MrFrosty: ill mass tp in in a sec
(63:14 / Allies) MrFrosty: or not
(63:37 / Allies) MrFrosty: out
(63:40 / Allies) MrFrosty: OUT
(63:43 / Allies) MrFrosty: BLAH GET OUT
(63:46 / Allies) MrFrosty: jesus christ
(63:51 / Allies) MrFrosty: yeah absolutely
(65:25 / Allies) MrFrosty: and the fs
(66:33 / Allies) MrFrosty: dead luch
(66:41 / Allies) MrFrosty: or maybe not
(67:11 / All) fan_of_deli_boi: GG
(67:17 / All) DanlicksBalls: Gg faggots
(67:19 / All) Gobiner: 2ez
(67:20 / All) Gobiner: nubs
(67:20 / All) Blahsmack: noobs
(67:21 / All) MrFrosty: l o l